[Event "*** Titled Tuesday Blitz"]
[Site "Chess.com"]
[Date "2020.12.29"]
[Round "2"]
[White "LilRag"]
[Black "davigator"]
[Result "1-0"]
[WhiteElo "2470"]
[BlackElo "2275"]
[TimeControl "180+1"]
[EndTime "10:15:54 PST"]
[Termination "LilRag won by resignation"]

1. d4 Nf6 2. Nc3 d5 3. Bg5 Nbd7 4. Nf3 c6 5. Qd3 b5 6. a3 a5 7. e4 Rb8 8. e5 b4 9. exf6 bxc3 10. fxg7 Bxg7 11.
bxc3 O-O 12. Be2 f6 13. Bh4 e5 14. dxe5 Re8 15. e6 Rxe6 16. Nd4 Nc5 17. Qf3 Ne4 18. Nxe6 Bxe6 19. O-O Qd7 20. Rad1 Qe7 21. h3 Qxa3 22. Bd3 Nxc3 23. Ra1 Qc5 24. Bg3 Re8 25. Rfe1 Nb5 26. Qh5 Kf8 27. Qxh7 Nd6 28. Rxa5 Qb4 29. c3 Bg8 30.
Rxe8+ Nxe8 31. cxb4 Bxh7 32. Bxh7 Kf7 33. Ra7+ Ke6 34.
Bg8+ Kf5 35. Re7 1-0

[Event "*** Titled Tuesday Blitz"]
[Site "Chess.com"]
[Date "2020.12.29"]
[Round "2"]
[White "eCztery"]
[Black "Trovita84"]
[Result "1-0"]
[WhiteElo "2369"]
[BlackElo "2009"]
[TimeControl "180+1"]
[EndTime "10:15:55 PST"]
[Termination "eCztery won by resignation"]

1. e4 e5 2. Nf3 Nc6 3. d3 Nf6 4. g3 d5 5. exd5 Qxd5 6. Bg2 Bg4 7. Nc3 Qa5 8. Bd2 Qb6 9. O-O Bd6 10. h3 Bh5 11. g4 Bg6 12. d4 Nxd4 13. Na4 Qa6 14.
Nxd4 exd4 15. Re1+ Kf8 16. b3 h5 17. g5 Nd7 18.
Qf3 c6 19. Bf4 Bxf4 20. Qxf4 Kg8 21. Re7 Nf8 22. Rae1 Ne6 23. R1xe6 fxe6 24. Qe5 Bf7 25. g6 Qb5 26. Nc5 b6 27. Rxf7 1-0

[Event "*** Titled Tuesday Blitz"]
[Site "Chess.com"]
[Date "2020.12.29"]
[Round "2"]
[White "PhoenixFire8"]
[Black "Supernotar"]
[Result "1/2-1/2"]
[WhiteElo "2453"]
[BlackElo "2861"]
[TimeControl "180+1"]
[EndTime "10:15:59 PST"]
[Termination "Game drawn by agreement"]

1. Nf3 c5 2. b3 Nc6 3. Bb2 Nf6 4.
e3 g6 5. Bxf6 exf6 6. c4 Bg7 7.
Nc3 f5 8. g3 O-O 9. Bg2 Ne7 10.
O-O d5 11. cxd5 Nxd5 12. Rc1 Nxc3 13. dxc3 Qc7 14. Nd2 Rb8 15. Qe2 b6 16. a4 Bb7 17.
Bxb7 Qxb7 18. Nc4 Rfd8 19. Rfd1 h5 20. h4 a6 21. Rxd8+ Rxd8 22. Rd1 Rxd1+ 23. Qxd1 b5 24.
Qd8+ Kh7 25. Nd6 Qd5 26. axb5 axb5 27. c4 bxc4 28. bxc4 Qe6 29. Qc7 Kg8 30. Qc8+ Bf8 31. Qxe6 fxe6 1/2-1/2

[Event "*** Titled Tuesday Blitz"]
[Site "Chess.com"]
[Date "2020.12.29"]
[Round "2"]
[White "anon132639"]
[Black "karinachess1"]
[Result "1-0"]
[WhiteElo "2730"]
[BlackElo "2498"]
[TimeControl "180+1"]
[EndTime "10:16:04 PST"]
[Termination "anon132639 won by checkmate"]

1. Nf3 Nf6 2. c4 e6 3. e3 d5 4. b3 Be7 5. Bb2 b6 6. Nc3 Bb7 7. Qc2 c5 8. cxd5 exd5 9. Bb5+ Nc6 10. d4 O-O 11. Bxc6 Bxc6 12. O-O Ne4 13. Ne5 Bb7 14. Rfd1 Qc7 15. Nxe4 dxe4 16. dxc5 bxc5 17. Rd7 Qc8 18. Rxe7 Bd5 19. Rd1 Be6 20. Qc3 f6 21. Nd7 Rd8 22.
Rxg7+ Kxg7 23. Qxf6+ Kg8 24. Qg7# 1-0

[Event "*** Titled Tuesday Blitz"]
[Site "Chess.com"]
[Date "2020.12.29"]
[Round "2"]
[White "FontVella8"]
[Black "torsten64"]
[Result "1-0"]
[WhiteElo "2497"]
[BlackElo "2128"]
[TimeControl "180+1"]
[EndTime "10:16:04 PST"]
[Termination "FontVella8 won by resignation"]

1. e4 c5 2. Nf3 d6 3. d4 cxd4 4. Nxd4 Nf6 5. f3 a6 6. c4 e5 7.
Nb3 Be7 8. Nc3 Be6 9. Be3 Nbd7 10. Be2 Rc8 11. Nd5 Bxd5 12. cxd5 O-O 13. O-O b5 14. Qd2 Nb6 15. Na5 Nc4 16. Bxc4 bxc4 17. Nc6 Qe8 18. Rfc1 Nd7 19. Rxc4 Nb8 20. Rac1 Nxc6 21. dxc6 f5 22. c7 fxe4 23. fxe4 Qd7 24. Qd5+ Kh8 25. Rc6 h6 26. b4 Kh7 27. a4 Qg4 28. b5 Qe2 29. Qd2 Qg4 30.
b6 1-0

[Event "*** Titled Tuesday Blitz"]
[Site "Chess.com"]
[Date "2020.12.29"]
[Round "2"]
[White "Keranke"]
[Black "m_ezat"]
[Result "1-0"]
[WhiteElo "2822"]
[BlackElo "2535"]
[TimeControl "180+1"]
[EndTime "10:16:05 PST"]
[Termination "Keranke won by resignation"]

1. d4 Nf6 2. Nf3 g6 3. g3 Bg7 4. Bg2 O-O 5. O-O d6 6. b3 Nc6 7.
Bb2 e5 8. dxe5 Ng4 9. c4 a5 10. Nc3 Ngxe5 11. Nxe5 Nxe5 12. Qd2 a4 13. Rfd1 a3 14.
Bc1 Re8 15. Rb1 Bf5 16. Bxb7 Rb8 17. Bd5 Bxb1 18. Nxb1 c6 19. Bg2 Nxc4 20. Qc2 Nb2 21. Rd2 d5 22. Nxa3 Qa5 23. Bxb2 Bxb2 24. Qxb2 Ra8 25. Nb1 Re6 26. Bf3 Rae8 27. Kg2 h5 28. h4 Qb4 29. Qd4 Qa5 30. Rc2 Qe1 31. Nc3 Ra8 32.
b4 Ra3 33. b5 cxb5 34. Nxd5 Ra8 35. Nf6+ 1-0

[Event "*** Titled Tuesday Blitz"]
[Site "Chess.com"]
[Date "2020.12.29"]
[Round "2"]
[White "pastouche06"]
[Black "area_5"]
[Result "0-1"]
[WhiteElo "2523"]
[BlackElo "2789"]
[TimeControl "180+1"]
[EndTime "10:16:06 PST"]
[Termination "area_5 won by resignation"]

1. d4 Nf6 2. c4 g6 3. f3 Bg7 4. e4 O-O 5. Ne2 c5 6. Be3 cxd4 7. Nxd4 Nc6 8. Nc3 d6 9. Be2 Nxd4 10. Bxd4 Be6 11. O-O Qa5 12. Qd2 Rfc8 13. b3 b5 14.
Rad1 bxc4 15. bxc4 Bxc4 16. Bxc4 Rxc4 17. Bxf6 Bxf6 18.
Nd5 Qxd2 19. Nxf6+ Kg7 20. Nh5+ Kh6 21. Rxd2 Kxh5 22.
Rb1 Rac8 23. Rb7 R8c7 24. Rxc7 Rxc7 25. Rd5+ Kh6 26. Ra5 Kg7 27. Kf2 Kf6 28. Ke3 Rc2 29. g4 Rxh2 30. Rxa7 h5 31. gxh5 gxh5 32. a4 h4 33. Kf4 Rg2 34. Ra8 Kg7 35. Ra5 e5+ 0-1

[Event "*** Titled Tuesday Blitz"]
[Site "Chess.com"]
[Date "2020.12.29"]
[Round "2"]
[White "ehrenfeld"]
[Black "Sviridov_Valery"]
[Result "0-1"]
[WhiteElo "2552"]
[BlackElo "2854"]
[TimeControl "180+1"]
[EndTime "10:16:07 PST"]
[Termination "Sviridov_Valery won by resignation"]

1. e4 Nf6 2. Nc3 d5 3. e5 d4 4.
exf6 dxc3 5. fxg7 cxd2+ 6. Qxd2 Qxd2+ 7. Bxd2 Bxg7 8. O-O-O Nc6 9. Nf3 Bd7 10. Bc4 e6 11. Rhe1 O-O-O 12. Bf4 Na5 13. Bd3 f6 14. Bd2 Nc6 15.
Bc3 e5 16. Nh4 Bf8 17. Bf5 Bc5 18. Rf1 Ne7 19. Bxd7+ Rxd7 20. Rxd7 Kxd7 21. f4 exf4 22. Bxf6 Rg8 23. Bxe7 Bxe7 24. Nf5 Rxg2 25. h4 Rg4 26. h5 Bf6 27. c3 Ke6 28. Nd4+ Bxd4 29. cxd4 Kf5 30. Kd2 Rg2+ 31. Kc3 Kg4 32. h6 f3 33. b4 Rxa2 34. Kd3 f2 0-1

[Event "*** Titled Tuesday Blitz"]
[Site "Chess.com"]
[Date "2020.12.29"]
[Round "2"]
[White "BahadirOzen"]
[Black "lelajavakhishvili"]
[Result "1-0"]
[WhiteElo "2778"]
[BlackElo "2515"]
[TimeControl "180+1"]
[EndTime "10:16:07 PST"]
[Termination "BahadirOzen won by resignation"]

1. Nf3 c5 2. c4 Nc6 3. d4 cxd4 4.
Nxd4 g6 5. e4 Nf6 6. Nc3 Nxd4 7.
Qxd4 d6 8. Be3 Bg7 9. Be2 O-O 10. Qd2 Be6 11. O-O Ng4 12. Bxg4 Bxg4 13. Rac1 Qa5 14.
b3 Rfc8 15. f3 Bd7 16. Rfd1 a6 17. Nd5 Qxd2 18. Rxd2 Kf8 19. Nb6 Be6 20. Nxa8 Rxa8 21. c5 Rc8 22. Rdc2 d5 23. c6 bxc6 24. Rxc6 Ra8 25. exd5 Bxd5 26. Rc8+ 1-0

[Event "*** Titled Tuesday Blitz"]
[Site "Chess.com"]
[Date "2020.12.29"]
[Round "2"]
[White "FloMaster111"]
[Black "northridgehawk"]
[Result "1-0"]
[WhiteElo "2587"]
[BlackElo "2319"]
[TimeControl "180+1"]
[EndTime "10:16:10 PST"]
[Termination "FloMaster111 won by resignation"]

1. e4 e5 2. Bc4 Nc6 3. Nf3 Nf6 4. O-O Bc5 5. Nc3 d6 6. d3 h6 7. h3 g5 8. Nh2 g4 9. Nxg4 Nxg4 10. hxg4 Rg8 11.
Qf3 Rg7 12. g5 hxg5 13. Nd5 Nd4 14. Qh5 Kd7 15. b4 Bb6 16. c3 Ne6 17. Qh6 Rg6 18. Qh7 Qg8 19. Nf6+ Rxf6 20. Qxg8 Ke7 21. Bxe6 Rxe6 22.
Bxg5+ Kd7 23. Qd8+ Kc6 24. a4 a6 25. b5+ axb5 26.
axb5+ Kxb5 27. Rxa8 1-0

[Event "*** Titled Tuesday Blitz"]
[Site "Chess.com"]
[Date "2020.12.29"]
[Round "2"]
[White "Jean-Claude_Vandal"]
[Black "FMOlexandrProhorov"]
[Result "1-0"]
[WhiteElo "2409"]
[BlackElo "2164"]
[TimeControl "180+1"]
[EndTime "10:16:11 PST"]
[Termination "Jean-Claude_Vandal won by resignation"]

1. d4 Nf6 2. c4 c5 3. d5 b5 4.
cxb5 a6 5. bxa6 Bxa6 6. Nc3 d6 7. e4 Bxf1 8. Kxf1 g6 9. g3 Bg7 10. Kg2 O-O 11. Nf3 Qa5 12. a4 Nbd7 13. Qc2 Rfb8 14. Ra3 Ng4 15. Nb5 Nge5 16. Bd2 Qd8 17.
Nxe5 Bxe5 18. Bc3 Bxc3 19. Rxc3 Nb6 20. b3 c4 21. Nd4 Rc8 22. Nc6 Qd7 23. Rxc4 Nxc4 24.
Qxc4 e6 25. a5 exd5 26. exd5 Re8 27. b4 Qf5 28. b5 Re4 29. Qb3 Re2 30. Qf3 Qc2 31.
h4 h5 32. b6 Qb2 33. b7 Rae8 34. b8=Q Rxb8 35. Nxb8 1-0

[Event "*** Titled Tuesday Blitz"]
[Site "Chess.com"]
[Date "2020.12.29"]
[Round "2"]
[White "KaterinaMiroshnik"]
[Black "rpragchess"]
[Result "0-1"]
[WhiteElo "2542"]
[BlackElo "2841"]
[TimeControl "180+1"]
[EndTime "10:16:14 PST"]
[Termination "rpragchess won on time"]

1. d4 Nf6 2. Nf3 b5 3. c3 Bb7 4. e3 a6 5. Bd3 e6 6. O-O c5 7. a4 c4 8. Be2 d5 9. Nbd2 Bd6 10. b4 O-O 11. a5 Nc6 12. Qc2 Qc7 13. Bb2 Rfe8 14. g3 e5 15. dxe5 Bxe5 16. Nd4 Bxd4 17. cxd4 Nxb4 18. Qc1 Nc6 19. Bf3 Bc8 20. Re1 Bf5 0-1

[Event "*** Titled Tuesday Blitz"]
[Site "Chess.com"]
[Date "2020.12.29"]
[Round "2"]
[White "SanchezKelvin"]
[Black "JonahWillow"]
[Result "0-1"]
[WhiteElo "2477"]
[BlackElo "2706"]
[TimeControl "180+1"]
[EndTime "10:16:14 PST"]
[Termination "JonahWillow won by resignation"]

1. d4 Nf6 2. c4 e6 3. Nf3 c5 4. d5 exd5 5. cxd5 d6 6. g3 g6 7. Bg2 Bg7 8. O-O O-O 9. Nc3 a6 10. a4 Nbd7 11. Nd2 Re8 12. Nc4 Ne5 13. Nxe5 Rxe5 14. e4 Re8 15. h3 Nd7 16. f4 Rb8 17. a5 b5 18. axb6 Rxb6 19. Qc2 Rb4 20. Be3 Nb6 21. Rfe1 Nc4 22. Bc1 Nb6 23. Be3 f5 24. exf5 Bxf5 25. Qc1 Nc4 26. Nd1 Nxb2 27. Nxb2 Bxb2 28.
Qd2 Bxa1 29. Rxa1 Qf6 30. Rxa6 Rb2 31. Qc1 Rb1 32. Qxb1 Bxb1 33. Bxc5 Qb2 34. Rxd6 Re1+ 0-1

[Event "*** Titled Tuesday Blitz"]
[Site "Chess.com"]
[Date "2020.12.29"]
[Round "2"]
[White "EdmundPlayer"]
[Black "GM4life"]
[Result "0-1"]
[WhiteElo "2203"]
[BlackElo "2424"]
[TimeControl "180+1"]
[EndTime "10:16:16 PST"]
[Termination "GM4life won by resignation"]

1. e4 c5 2. Nf3 d6 3. d4 cxd4 4. Nxd4 Nf6 5. Nc3 a6 6. h3 e5 7.
Nde2 h5 8. g3 Be7 9. Bg2 Be6 10.
Be3 Nbd7 11. O-O O-O 12. f4 b5 13. f5 Bc4 14. b3 Bxe2 15. Qxe2 b4 16. Na4 h4 17. g4 Nh7 18. Rad1 Rc8 19. Rd2 Bg5 20. Bxg5 Qxg5 21. Rxd6 Ndf6 22. Rfd1 Qf4 23. Rf1 Qg5 24. Nb6 Rc3 25. Nc4 Re8 26. Qd2 Qxd2 27. Rxd2 Ng5 28. Re1 Nxh3+ 29. Bxh3 Rxh3 30. g5 Nh5 31. Rd3 Nf4 32. Rxh3 Nxh3+ 33. Kf1 Nxg5 34. Rd1 Nxe4 35.
Nd6 Rd8 0-1

[Event "*** Titled Tuesday Blitz"]
[Site "Chess.com"]
[Date "2020.12.29"]
[Round "2"]
[White "Morshynska"]
[Black "HackingKid98"]
[Result "0-1"]
[WhiteElo "2198"]
[BlackElo "2422"]
[TimeControl "180+1"]
[EndTime "10:16:18 PST"]
[Termination "HackingKid98 won on time"]

1. Nf3 d5 2. g3 g6 3. Bg2 Bg7 4. d4 Nf6 5. O-O c6 6. c4 dxc4 7. Ne5 Ng4 8. Nxg4 Bxg4 9. h3 Be6 10. e3 b5 11. a4 Bd5 12. e4 Be6 13. d5 Bd7 14. dxc6 Bxc6 15. Qxd8+ Kxd8 16. axb5 Bxb5 17. Rd1+ Kc8 18. Na3 Ba6 19. e5 Bb7 20. Bxb7+ Kxb7 21.
Nxc4 Rc8 22. b3 Nc6 23. Bf4 Rd8 24. Kg2 Rxd1 25. Rxd1 Rd8 26. Re1 Rd5 27. e6 f6 28.
h4 Nd4 29. Rd1 Kc6 30. Ra1 Nb5 31. Ra6+ Kb7 32. Ra5 a6 33. Ne3 Rd3 34. Nc4 Rxb3 0-1

[Event "*** Titled Tuesday Blitz"]
[Site "Chess.com"]
[Date "2020.12.29"]
[Round "2"]
[White "r31415"]
[Black "ChessQueen"]
[Result "0-1"]
[WhiteElo "2506"]
[BlackElo "2756"]
[TimeControl "180+1"]
[EndTime "10:16:19 PST"]
[Termination "ChessQueen won by resignation"]

1. e4 c6 2. d4 d5 3. f3 dxe4 4. fxe4 e5 5. Nf3 exd4 6. Bc4 Nf6 7. O-O Qb6 8. Ng5 Bg4 9. Qd2 Bh5 10. e5 Nd5 11. e6 f6 12. Ne4 Ne3 13. Re1 Nxc4 14. Qf2 Be7 15. b3 Ne3 16. Na3 O-O 17. Nc4 Nxc4 18. bxc4 Na6 19. Kh1 Bg6 20. Ng3 d3 21. Qf3 dxc2 22. Nf5 Bxf5 23. Qxf5 Qd4 24. Be3 Qxc4 25.
Rac1 Nb4 26. Qg4 Qxg4 0-1

[Event "*** Titled Tuesday Blitz"]
[Site "Chess.com"]
[Date "2020.12.29"]
[Round "2"]
[White "vugarrasulov"]
[Black "AsaHoffmann"]
[Result "1-0"]
[WhiteElo "2779"]
[BlackElo "2350"]
[TimeControl "180+1"]
[EndTime "10:16:19 PST"]
[Termination "vugarrasulov won by resignation"]

1. g4 d6 2. Bg2 c6 3. g5 e5 4. d4 Nd7 5. h4 f5 6. c4 Qb6 7. e3 Ne7 8. Nc3 a6 9. Nge2 g6 10. O-O Bg7 11. c5 dxc5 12. d5 cxd5 13. Nxd5 Nxd5 14. Bxd5 Nf8 15. Nc3 e4 16. a4 Be6 17. a5 Qd6 18. Bxb7 Qxd1 19. Rxd1 Ra7 20. Bc6+ Ke7 21. Nd5+ Bxd5 22. Rxd5 Ne6 23. Bd2 Rc7 24.
Ba4 Rb8 25. Bc3 Bxc3 26. bxc3 Rcb7 27. Rad1 Rb1 28. Rd7+ Kf8 29. Rxb1 Rxb1+ 30. Kg2 Ra1 31. Bb3 f4 32. Bxe6 f3+ 33. Kg3 1-0

[Event "*** Titled Tuesday Blitz"]
[Site "Chess.com"]
[Date "2020.12.29"]
[Round "2"]
[White "crescentmoon2411"]
[Black "PabloZarnicki"]
[Result "1-0"]
[WhiteElo "2884"]
[BlackElo "2560"]
[TimeControl "180+1"]
[EndTime "10:16:21 PST"]
[Termination "crescentmoon2411 won by resignation"]

1. e4 e5 2. Nf3 Nf6 3. Nxe5 d6 4. Nf3 Nxe4 5. Nc3 Nxc3 6. dxc3 Be7 7. Be3 O-O 8. Qd2 Nd7 9. O-O-O b6 10. h4 Bb7 11.
Ng5 Nf6 12. Bd3 h6 13. f3 Nd5 14. Kb1 Nxe3 15. Qxe3 g6 16. Ne6 fxe6 17. Qxe6+ Rf7 18. Bxg6 Qf8 19. Rd4 Bc8 20. Bxf7+ Qxf7 21. Rg4+ Bg5 22. Qxh6 Bxg4 23. Qxg5+ Qg7 24. Qxg4 Qxg4 25. fxg4 Re8 26. b3 Re4 27. g5 Rg4 28. g3 Rxg3 29. Kb2 Kg7 30.
Re1 Kf7 31. Re4 d5 32. Rf4+ Kg7 33. a4 a5 34. Rf6 Rh3 35. Rc6 Rxh4 36. Rxc7+ Kg6 37.
Rc6+ Kxg5 38. Rxb6 Kf4 39. Rb5 Ke4 40. Rxa5 Rh7 41.
Rb5 Ra7 42. a5 Ke5 43. c4 Kd6 44. cxd5 1-0

[Event "*** Titled Tuesday Blitz"]
[Site "Chess.com"]
[Date "2020.12.29"]
[Round "2"]
[White "TheCairnTerrier"]
[Black "Nafania1"]
[Result "0-1"]
[WhiteElo "2089"]
[BlackElo "2388"]
[TimeControl "180+1"]
[EndTime "10:16:22 PST"]
[Termination "Nafania1 won on time"]

1. e4 e6 2. d4 d5 3. Nd2 Be7 4. e5 c5 5. c3 cxd4 6. cxd4 Qb6 7. Ndf3 Bb4+ 8. Bd2 Nc6 9. a3 Bxd2+ 10. Qxd2 Nge7 11. Bd3 Bd7 12. Ne2 Na5 13. Qb4 Qxb4+ 14.
axb4 Nac6 15. O-O Nxb4 16. Bb1 Bb5 17. Re1 Bxe2 18. Rxe2 O-O 19. Nd2 Rfc8 20. Nb3 b6 21.
f4 a5 22. Kf2 Rc4 23. Ke3 Rac8 24. Bd3 Nxd3 25. Kxd3 Nc6 26. g3 Nb4+ 27. Ke3 Nc2+ 0-1

[Event "*** Titled Tuesday Blitz"]
[Site "Chess.com"]
[Date "2020.12.29"]
[Round "2"]
[White "SantoBlue"]
[Black "DrMamaliga"]
[Result "1-0"]
[WhiteElo "2857"]
[BlackElo "2353"]
[TimeControl "180+1"]
[EndTime "10:16:24 PST"]
[Termination "SantoBlue won by resignation"]

1. e4 e5 2. Nf3 Nc6 3. Bc4 Nf6 4. d4 exd4 5. e5 Ng4 6. O-O d6 7. exd6 Qxd6 8. Re1+ Be7 9. Na3 a6 10. h3 Nh6 11.
Bxh6 gxh6 12. c3 Rg8 13. Qb3 Rg7 14. Nxd4 Bxh3 15. Bf1 Bc8 16. Nc4 Qg6 17. Nxc6 Qxc6 18. Na5 Qb6 19. Qa4+ Bd7 20. Qe4 O-O-O 21. Nc4 Qc6 22.
Qxc6 Bxc6 23. Rxe7 Rdg8 24. Ne3 h5 25. Re1 h4 26. Kh2 Kd8 27. Re5 f6 28. Rh5 h3 29.
Rxh3 f5 30. Rg3 f4 31. Rxg7 Rxg7 32. Nf5 Rg5 33. Nd4 Rh5+ 34. Kg1 Bd5 35. Ne6+ 1-0

[Event "*** Titled Tuesday Blitz"]
[Site "Chess.com"]
[Date "2020.12.29"]
[Round "2"]
[White "Chessmatus"]
[Black "glebus008"]
[Result "1-0"]
[WhiteElo "2442"]
[BlackElo "2227"]
[TimeControl "180+1"]
[EndTime "10:16:24 PST"]
[Termination "Chessmatus won by checkmate"]

1. e4 c5 2. Nf3 e6 3. d4 cxd4 4.
Nxd4 Nf6 5. Nc3 d6 6. g4 h6 7. Rg1 Nc6 8. Be3 d5 9. exd5 Nxd5 10.
Nxd5 exd5 11. Qf3 Be7 12. O-O-O O-O 13. Kb1 Ne5 14. Qg2 Qa5 15. Nb3 Qa4 16. f4 Nc4 17.
Bd4 Bd7 18. g5 h5 19. g6 f6 20. Qxd5+ Kh8 21. Qxh5+ Kg8 22. Qh7# 1-0

[Event "*** Titled Tuesday Blitz"]
[Site "Chess.com"]
[Date "2020.12.29"]
[Round "2"]
[White "The_Machine04"]
[Black "MPGM"]
[Result "0-1"]
[WhiteElo "2432"]
[BlackElo "2689"]
[TimeControl "180+1"]
[EndTime "10:16:25 PST"]
[Termination "MPGM won by resignation"]

1. d4 d5 2. Bf4 c5 3. e3 Nc6 4. c3 Bf5 5. Qb3 Qd7 6. Nf3 a6 7. Nbd2 e6 8. Ne5 Nxe5 9. Bxe5 Nf6 10. Nf3 c4 11. Qd1 Be7 12. Be2 O-O 13. O-O h6 14. b3 b5 15. a4 Ne4 16. Qc1 Rfc8 17. Nd2 cxb3 18. Nxe4 Bxe4 19. axb5 axb5 20. Qb2 Bc2 21. Bd1 Rxa1 22. Qxa1 Qc6 23. Bxc2 bxc2 24. Rc1 Qxc3 25. Qxc3 Rxc3 26. Kf1 Ba3 0-1

[Event "*** Titled Tuesday Blitz"]
[Site "Chess.com"]
[Date "2020.12.29"]
[Round "2"]
[White "DarZay"]
[Black "MaxLeto"]
[Result "0-1"]
[WhiteElo "2115"]
[BlackElo "2396"]
[TimeControl "180+1"]
[EndTime "10:16:26 PST"]
[Termination "MaxLeto won on time"]

1. e4 c5 2. Nf3 d6 3. d4 cxd4 4. Nxd4 Nf6 5. Nc3 a6 6. f3 e6 7.
Be3 b5 8. Qd2 Nbd7 9. a3 Nb6 10.
O-O-O Bb7 11. g4 Be7 12. g5 Nfd7 13. h4 Ne5 14. f4 Nec4 15. Bxc4 Nxc4 16. Qf2 Rc8 17.
f5 Nxa3 18. fxe6 O-O 19. Qf5 Rxc3 20. bxc3 Nc4 0-1

[Event "*** Titled Tuesday Blitz"]
[Site "Chess.com"]
[Date "2020.12.29"]
[Round "2"]
[White "TheBigBoss04"]
[Black "Alexey_Ustinov"]
[Result "1-0"]
[WhiteElo "2722"]
[BlackElo "2492"]
[TimeControl "180+1"]
[EndTime "10:16:27 PST"]
[Termination "TheBigBoss04 won by resignation"]

1. Nf3 Nf6 2. c4 g6 3. Nc3 d5 4. cxd5 Nxd5 5. h4 h5 6. Qb3 c6 7. e4 Nxc3 8. Qxc3 Rg8 9. d4 Bg7 10. Bg5 Qb6 11. Bc4 Bg4 12. Ne5 Bxe5 13. dxe5 Nd7 14. O-O Be6 15. Bxe6 fxe6 16. Rad1 Rd8 17. Qc4 Kf7 18. Qc3 Qb5 19. a4 Qxa4 20. Rd3 Qxe4 21. Rfd1 Ke8 22. Qd2 Qxe5 23. Rxd7 1-0

[Event "*** Titled Tuesday Blitz"]
[Site "Chess.com"]
[Date "2020.12.29"]
[Round "2"]
[White "pavelalexandru07"]
[Black "Abdimalik_Abdisalimov"]
[Result "1-0"]
[WhiteElo "2290"]
[BlackElo "2454"]
[TimeControl "180+1"]
[EndTime "10:16:27 PST"]
[Termination "pavelalexandru07 won by resignation"]

1. e4 e5 2. Nf3 Nc6 3. Bb5 Nf6 4. O-O Nxe4 5. d4 Nd6 6. dxe5 Nxb5 7. a4 Nxe5 8. Nxe5 Nd6 9. Re1 Be7 10. Bg5 O-O 11.
Bxe7 Qxe7 12. Ng6 Qf6 13. Nxf8 Kxf8 14. Qe2 b6 15. Nc3 Bb7 16. Qd3 Kg8 17. Rad1 Qg5 18. Nd5 Rf8 19. f3 Nf5 20. Qxf5 Qxf5 21. Ne7+ Kh8 22.
Nxf5 Bc6 23. b3 1-0

[Event "*** Titled Tuesday Blitz"]
[Site "Chess.com"]
[Date "2020.12.29"]
[Round "2"]
[White "Eternauta2400"]
[Black "MarcLonoff"]
[Result "1-0"]
[WhiteElo "2415"]
[BlackElo "2169"]
[TimeControl "180+1"]
[EndTime "10:16:27 PST"]
[Termination "Eternauta2400 won on time"]

1. d4 e6 2. c4 b6 3. Nf3 Bb7 4. g3 f5 5. Bg2 Nf6 6. O-O Be7 7. d5 O-O 8. Nd4 exd5 9. Nxf5 c6 10. cxd5 Nxd5 11.
e4 Nf6 12. Nc3 d5 13. exd5 Nxd5 14. Nxd5 Rxf5 15. Nxe7+ Qxe7 16. Bf4 Nd7 17. Qd2 Nf8 18. Rad1 h6 19. Rfe1 Qf7 20. Qd6 Re8 21. h4 Rf6 22. Qc7 Qxc7 23. Bxc7 Rxe1+ 24. Rxe1 Rf7 25. Bb8 a6 26.
Re8 1-0

[Event "*** Titled Tuesday Blitz"]
[Site "Chess.com"]
[Date "2020.12.29"]
[Round "2"]
[White "Karacsonyi_Gellert"]
[Black "MrTattaglia"]
[Result "1-0"]
[WhiteElo "2610"]
[BlackElo "2953"]
[TimeControl "180+1"]
[EndTime "10:16:28 PST"]
[Termination "Karacsonyi_Gellert won by resignation"]

1. e4 e5 2. Nf3 Nc6 3. Bb5 Nf6 4. O-O Nxe4 5. d4 Nd6 6. dxe5 Nxb5 7. a4 Nbd4 8. Nxd4 d5 9. exd6 Nxd4 10. Qxd4 Qxd6 11.
Qe4+ Qe6 12. Qd4 Bd7 13. Nc3 c5 14. Qd2 O-O-O 15. Re1 Qg6 16. Qg5 Bd6 17. Nb5 Bxb5 18. axb5 Rhe8 19. Be3 Qxg5 20. Bxg5 Rxe1+ 21. Rxe1 f6 22. Be3 Kc7 23. Kf1 Kb6 24. c4 Ka5 25. Bd2+ Ka4 26.
Re3 1-0

[Event "*** Titled Tuesday Blitz"]
[Site "Chess.com"]
[Date "2020.12.29"]
[Round "2"]
[White "ENajer77"]
[Black "Saylormoon"]
[Result "1-0"]
[WhiteElo "2640"]
[BlackElo "2330"]
[TimeControl "180+1"]
[EndTime "10:16:28 PST"]
[Termination "ENajer77 won by resignation"]

1. d4 Nf6 2. c4 c5 3. d5 g6 4. Nc3 d6 5. e4 Bg7 6. Nf3 O-O 7. Be2 e6 8. Nd2 exd5 9. cxd5 a6 10. a4 Re8 11. O-O Nbd7 12. Qc2 Qc7 13. b3 Rb8 14.
Bb2 Ne5 15. a5 b5 16. axb6 Rxb6 17. f4 Neg4 18. Nc4 Rb4 19. Rf3 Nxe4 20. Nxe4 Bxb2 21. Qxb2 Rxe4 22. Bd3 Rd4 23. Re1 Nf6 24. f5 Rxd3 25. Qxf6 1-0

[Event "*** Titled Tuesday Blitz"]
[Site "Chess.com"]
[Date "2020.12.29"]
[Round "2"]
[White "Carnivoras"]
[Black "Barmen_EV"]
[Result "0-1"]
[WhiteElo "2602"]
[BlackElo "2344"]
[TimeControl "180+1"]
[EndTime "10:16:30 PST"]
[Termination "Barmen_EV won by resignation"]

1. d4 d5 2. c4 e6 3. Nc3 Bb4 4. cxd5 exd5 5. Qb3 c5 6. dxc5 Nc6 7. e3 Nf6 8. Bb5 O-O 9. Bxc6 Bxc3+ 10. Qxc3 bxc6 11.
Ne2 Ne4 12. Qc2 Bf5 13. Nd4 Bg6 14. Qa4 Nxc5 15. Qxc6 Rc8 16. Qa4 Nxa4 0-1

[Event "*** Titled Tuesday Blitz"]
[Site "Chess.com"]
[Date "2020.12.29"]
[Round "2"]
[White "Iball95"]
[Black "TristanCalistri"]
[Result "0-1"]
[WhiteElo "2607"]
[BlackElo "2299"]
[TimeControl "180+1"]
[EndTime "10:16:32 PST"]
[Termination "TristanCalistri won by checkmate"]

1. e4 d6 2. d4 Nf6 3. Nc3 e5 4.
Bd2 exd4 5. Nd5 Nxe4 6. Qe2 f5 7. f3 c6 8. f4 cxd5 9. O-O-O Be7 10. Qb5+ Nc6 11.
Qxd5 Nf6 12. Qb3 d5 13. Nf3 O-O 14. Bb5 a6 15. Bxc6 bxc6 16. Nxd4 Bd7 17. Rhe1 Ne4 18. g4 Rb8 19. Qd3 Nf2 20. Qxa6 Nxd1 21. Rxd1 Qb6 22.
Qxb6 Rxb6 23. gxf5 Bxf5 24. Re1 Be4 25. f5 c5 26. Ne6 Rxf5 27. Nf4 Bg5 28. Nd3 Bxd3 29. cxd3 Bxd2+ 30. Kxd2 Rxb2+ 31. Kc3 Rxa2 32. h4 h5 33. Re2 Rxe2 34. Kb3 Re3 35. Kc3 c4 36. Kd4 Rxd3+ 37. Kc5 c3 38. Kd6 c2 39. Ke6 g6 40. Kd6 c1=Q 41.
Ke6 Qc6+ 42. Ke7 Rf7+ 43. Kd8 Qd7# 0-1

[Event "*** Titled Tuesday Blitz"]
[Site "Chess.com"]
[Date "2020.12.29"]
[Round "2"]
[White "Chamal_Gedgafov"]
[Black "freshfoodcompany"]
[Result "1-0"]
[WhiteElo "2207"]
[BlackElo "2401"]
[TimeControl "180+1"]
[EndTime "10:16:33 PST"]
[Termination "Chamal_Gedgafov won by checkmate"]

1. e4 c6 2. d4 d5 3. f3 dxe4 4. fxe4 e5 5. Nf3 Bg4 6. Bc4 Nd7 7. c3 Bd6 8. Qb3 Qe7 9. Ng5 Nh6 10. O-O O-O 11.
Qxb7 Rfb8 12. Qxc6 Rc8 13. Qa6 exd4 14. cxd4 Nb8 15. Qa4 Qc7 16. Nxf7 Bxh2+ 17. Kh1 Qxc4 18. Qxc4 Rxc4 19. Nxh6+ gxh6 20. Kxh2 Rxd4 21. Nc3 Nd7 22. Bxh6 Rb8 23. Rf4 Be6 24. Raf1 Rdb4 25. Nd5 Bxd5 26. Rg4+ Kh8 27. Bg7+ Kg8 28. Be5# 1-0

[Event "*** Titled Tuesday Blitz"]
[Site "Chess.com"]
[Date "2020.12.29"]
[Round "2"]
[White "Fighter008"]
[Black "Hikaru"]
[Result "0-1"]
[WhiteElo "2604"]
[BlackElo "3257"]
[TimeControl "180+1"]
[EndTime "10:16:34 PST"]
[Termination "Hikaru won by resignation"]

1. e4 g6 2. Nc3 Bg7 3. h4 c5 4. h5 Nc6 5. d3 e6 6. Be3 b6 7.
Nge2 Nf6 8. h6 Bf8 9. d4 Ng4 10. Qd2 cxd4 11. Bxd4 Nxd4 12. Nxd4 a6 13. Be2 Ne5 14.
O-O-O Bb7 15. f4 Nc6 16. Nb3 d6 17. g4 Qc7 18. Qe3 O-O-O 19. Kb1 Kb8 20. g5 Be7 21. f5 Rhe8 22. f6 Bf8 23. Rd2 d5 24. Rhd1 d4 25. Nxd4 Rxd4 26. Rxd4 Bc5 27. Na4 Nxd4 28.
Rxd4 e5 29. Nxc5 exd4 0-1